 Dungeon Sprint DCSS version 0.30-a0-728-gc68057be0a (webtiles) character file.

Game seed: 3337275538311633521

6818 BigDaddyOpFi the End of an Era (level 10, -1/88 HPs)
             Began as a Demonspawn Fighter on Jan 31, 2023.
             Was the Champion of Qazlal.
             Slain by an emperor scorpion (6 damage)
             ... in the Dungeon (Sprint VII: "The Pits").
             The game lasted 00:02:25 (1425 turns).

BigDaddyOpFi the End of an Era (Demonspawn Fighter) Turns: 1425, Time: 00:02:26

Health: -1/88      AC: 26    Str: 21    XL:     10   Next: 77%
Magic:  7/23       EV: 11    Int:  9    God:    Qazlal [******]
Gold:   0          SH: 14    Dex: 13    Spells: 9/9 levels left

rFire   . . .      SeeInvis .    q - +1 broad axe (elec)
rCold   . . .      Faith    .    c - +0 buckler
rNeg    . . .      Spirit   .    n - +4 chain mail
rPois   .          Reflect  .    (no helmet)
rElec   .          Harm     .    o - +0 cloak
rCorr   .          Rampage  .    p - +0 pair of gloves
Will    .....      NoTele   +    (no boots) Stlth
                                 (no amulet)
HPRegen 0.34/turn                b - +3 ring of protection
MPRegen 0.18/turn                d - +3 ring of evasion

@: lethally poisoned (-1 -> -56), protected from physical damage, repel missiles
A: molten scales 1, demonic guardian 2, weakness stinger 2
a: Renounce Religion, Upheaval, Elemental Force, Disaster Area


You were in the Dungeon.
You worshipped Qazlal.
Qazlal was exalted by your worship.
You visited 1 branch

Inventory:

Hand Weapons
 q - a +1 broad axe of electrocution (weapon)
Armour
 c - a +0 buckler (worn)
 n - a +4 chain mail (worn)
 o - a +0 cloak (worn)
 p - a +0 pair of gloves (worn)
Jewellery
 b - a +3 ring of protection (left hand)
 d - a +3 ring of evasion (right hand)
Scrolls
 j - a scroll of blinking
Potions
 e - 8 potions of curing
 f - 11 potions of heal wounds
 g - 3 potions of haste
 h - 4 potions of magic
 i - 5 potions of berserk rage
 k - 2 potions of invisibility
 m - a potion of might


   Skills:
 + Level 11.6 Fighting
 + Level 10.3 Axes
 + Level 10.7 Armour
 + Level 10.7 Shields
 * Level 18.2 Invocations


You had 9 spell levels left.
You didn't know any spells.
Your spell library was empty.

Dungeon Overview and Level Annotations

Branches:
Dungeon (1/1)

Altars:
Ashenzari
Cheibriados
Dithmenos
Fedhas
Gozag
Hepliaklqana
Kikubaaqudgha
Makhleb
Nemelex Xobeh
Okawaru
Qazlal
Ru
Sif Muna
Trog
Uskayaw
Vehumet
Wu Jian
Xom
Yredelemnul
Jiyva
Lugonu


Innate Abilities, Weirdness & Mutations

You are partially covered in molten scales. (AC +2)
A demonic guardian rushes to your aid.
You have a tail ending in a sharp stinger.


Message History

You kill the orc high priest!
Qazlal accepts your kill.
The emperor scorpion stings you but does no damage.
The emperor scorpion claws you but does no damage.
You block the emperor scorpion's attack.
Your Invocations skill increases to level 18!
You hit the emperor scorpion but do no damage.
Lightning courses through the emperor scorpion!
The emperor scorpion is heavily wounded.
The emperor scorpion stings you.
You are poisoned.
The emperor scorpion poisons you!
You block the emperor scorpion's attack. x2
The emperor scorpion stings you!
You block the emperor scorpion's attack.
The emperor scorpion closely misses you.
You hit the emperor scorpion but do no damage.
The emperor scorpion is heavily wounded.
You feel extremely sick.
You block the emperor scorpion's attack.
The emperor scorpion claws you. x2
An orc comes into view. It is wielding a +0 hand axe.
The orc shouts!
You hit the emperor scorpion.
The emperor scorpion is heavily wounded.
You feel very sick. The emperor scorpion stings you!
* * * LOW HITPOINT WARNING * * *
A demonic guardian appears!
The emperor scorpion claws you but does no damage.
You block the emperor scorpion's attack.
You hit the emperor scorpion but do no damage.
The emperor scorpion is heavily wounded.
* * * LOW HITPOINT WARNING * * *
You feel very sick. The emperor scorpion stings you!
* * * LOW HITPOINT WARNING * * *
You are more poisoned.
The emperor scorpion poisons you! The emperor scorpion claws you.
You die...

......##.)####.....##.##
......##...##...≈..# ..#
########†...).≈≈≈≈.+ .+
########...##......# .#
.#..[.##..####.....# .##
.#....##..##≈##..≈##≈..#
.'..))##..##≈.##.##...≈.
.#..))##..# #.4#'#....o.
.#..)[##..# #..@s†.#
########### ########


You could see an emperor scorpion (ally target), an orc and a friendly hellwing
(summoned).

Vanquished Creatures
  A death knight (D)
  A two-headed ogre (D)
  A death yak (D)
  An orc high priest (D)
  A lindwurm (D)
  An orc knight (D)
  2 elephants (D)
  A kobold demonologist (D)
  A freezing wraith (D)
  A troll (D)
  A red devil (D)
  A tarantella (D)
  Eustachio (D)
  4 vampire mosquitoes (D)
  A warg (D)
  3 floating eyes (D)
  2 orc warriors (D)
  A swamp drake (D)
  An ogre (D)
  A scorpion (D)
  A wight (D)
  A small abomination (D)
  A hound (D)
  An iguana (D)
  An orc wizard (D)
  A mummy (D)
  2 adders (D)
  2 river rats (D)
  A white imp (D)
  A worm (D)
  7 orcs (D)
  A bat skeleton (D)
  2 goblins (D)
  A hobgoblin (D)
  2 kobolds (D)
  A quokka (D)
  2 ball pythons (D)
  A bat (D)
56 creatures vanquished.

Vanquished Creatures (collateral kills)
  An ice beast (D)
1 creature vanquished.

Vanquished Creatures (others)
  An orc wizard (D)
1 creature vanquished.

Grand Total: 58 creatures vanquished

Notes
Turn   | Place    | Note
-------+----------+-------------------------------------------
     0 | D        | BigDaddyOpFi the Demonspawn Fighter began the quest for the
                  | Orb.
     0 | D        | Reached XP level 1. HP: 18/18 MP: 1/1
     9 | D        | Noticed a floating eye
    14 | D        | Killed a floating eye
    15 | D        | Reached skill level 5 in Fighting
    15 | D        | Gained mutation: A weak demonic guardian rushes to your
                  | aid. [demonic ancestry]
    15 | D        | Reached XP level 2. HP: 27/27 MP: 2/2
    15 | D        | Reached XP level 3. HP: 33/33 MP: 3/3
    15 | D        | Reached XP level 4. HP: 39/39 MP: 4/4
    19 | D        | Found a bloodstained altar of Trog.
    19 | D        | Found a shimmering blue altar of Sif Muna.
    19 | D        | Found a viscous altar of Jiyva.
    19 | D        | Found a hazy altar of Hepliaklqana.
    19 | D        | Found an opulent altar of Gozag.
    20 | D        | Found a basalt altar of Yredelemnul.
    20 | D        | Found a shimmering altar of Xom.
    20 | D        | Found an ornate altar of the Wu Jian Council.
    20 | D        | Found a sacrificial altar of Ru.
    20 | D        | Found a stormy altar of Qazlal.
    20 | D        | Found an iron altar of Okawaru.
    20 | D        | Found a sparkling altar of Nemelex Xobeh.
    20 | D        | Found a burning altar of Makhleb.
    20 | D        | Found a blossoming altar of Fedhas.
    20 | D        | Found a shadowy altar of Dithmenos.
    20 | D        | Found a snail-covered altar of Cheibriados.
    22 | D        | Found a radiant altar of Vehumet.
    22 | D        | Found a corrupted altar of Lugonu.
    23 | D        | Found a hide-covered altar of Uskayaw.
    23 | D        | Found an ancient bone altar of Kikubaaqudgha.
    23 | D        | Found a broken altar of Ashenzari.
    27 | D        | Became a worshipper of Qazlal Stormbringer
    58 | D        | Reached * piety under Qazlal
    71 | D        | Reached skill level 1 in Invocations
    76 | D        | Reached ** piety under Qazlal
    78 | D        | Reached skill level 5 in Armour
    78 | D        | Reached skill level 5 in Shields
    78 | D        | Reached skill level 2 in Invocations
   217 | D        | Noticed a floating eye
   226 | D        | Reached skill level 3 in Invocations
   226 | D        | Gained mutation: You have a small tail. [demonic ancestry]
   226 | D        | Reached XP level 5. HP: 44/46 MP: 5/7
   226 | D        | Paralysed by a floating eye for 2 turns
   228 | D        | Reached *** piety under Qazlal
   229 | D        | Reached skill level 4 in Invocations
   231 | D        | Killed a floating eye
   232 | D        | Reached skill level 5 in Axes
   232 | D        | Reached skill level 6 in Invocations
   242 | D        | Reached XP level 6. HP: 25/53 MP: 7/10
   253 | D        | Reached skill level 7 in Invocations
   256 | D        | Reached **** piety under Qazlal
   418 | D        | Reached skill level 8 in Invocations
   424 | D        | Reached ***** piety under Qazlal
   425 | D        | Reached skill level 9 in Invocations
   428 | D        | Gained mutation: You are partially covered in molten
                  | scales. (AC +2) [demonic ancestry]
   428 | D        | Reached XP level 7. HP: 17/60 MP: 13/13
   718 | D        | Noticed a lindwurm
   718 | D        | Noticed a freezing wraith
   721 | D        | Killed a freezing wraith
   722 | D        | Reached skill level 10 in Invocations
   725 | D        | Killed a lindwurm
   726 | D        | Reached skill level 11 in Invocations
   726 | D        | Gained mutation: You have a tail ending in a sharp stinger.
                  | [demonic ancestry]
   726 | D        | Reached XP level 8. HP: 43/69 MP: 3/16
   948 | D        | Noticed a two-headed ogre
   953 | D        | Killed a two-headed ogre
   954 | D        | Reached skill level 13 in Invocations
   967 | D        | Noticed a red devil
   967 | D        | Noticed an elephant
   967 | D        | Noticed a death yak
   967 | D        | Noticed a tarantella
   974 | D        | Killed a red devil
   974 | D        | Killed a tarantella
   975 | D        | Reached skill level 14 in Invocations
   975 | D        | Gained mutation: A demonic guardian rushes to your aid.
                  | [demonic ancestry]
   975 | D        | Reached XP level 9. HP: 63/78 MP: 10/19
   981 | D        | Killed a death yak
   982 | D        | Reached skill level 10 in Fighting
   982 | D        | Reached skill level 15 in Invocations
   989 | D        | Killed an elephant
  1142 | D        | Noticed a troll
  1143 | D        | Noticed Eustachio
  1147 | D        | Reached ****** piety under Qazlal
  1147 | D        | Killed a troll
  1148 | D        | Noticed an orc knight
  1151 | D        | Noticed a death knight
  1159 | D        | Killed Eustachio
  1160 | D        | Reached skill level 16 in Invocations
  1162 | D        | Reached XP level 10. HP: 72/86 MP: 15/22
  1163 | D        | Killed a death knight
  1163 | D        | Killed an orc knight
  1164 | D        | Reached skill level 10 in Armour
  1164 | D        | Reached skill level 10 in Shields
  1164 | D        | Reached skill level 17 in Invocations
  1415 | D        | Noticed an emperor scorpion
  1416 | D        | Noticed an elephant
  1417 | D        | Noticed an orange demon
  1418 | D        | Reached skill level 10 in Axes
  1420 | D        | Noticed an orc high priest
  1421 | D        | Killed an elephant
  1421 | D        | Killed an orc high priest
  1422 | D        | Reached skill level 18 in Invocations
  1425 | D        | Slain by an emperor scorpion

Illustrated notes

Levels and vault maps discovered:
D:        pitsprint [storerooms_1, entrance_room_1, metal_vault_3, armoury_1,
          mini_pit_1, grid_room_1, main_hall_1, silver_pit, the_coven_1,
          the_vestibule_1, steel_vault_1, golden_pit, hallway_of_sentries,
          crystal_vault_2, iron_vault_2, final_vault]

Skill      XL: |  1  2  3  4  5  6  7  8  9 10 |
---------------+-------------------------------+-----
Fighting       | 5 6 7 8 9 10 11 | 11.6
Axes           | 4 5 6 7 8 9 10 | 10.3
Armour         | 4 5 6 7 8 9 10 | 10.7
Shields        | 4 5 6 7 8 9 10 | 10.7
Invocations    | 3 6 9 11 14 16 18 | 18.2

Action                     |  1- 3 |  4- 6 |  7- 9 | 10-12 || total
---------------------------+-------+-------+-------+-------++-------
  Melee: War axe           |     4 |    90 |     3 |       ||    97
         Tailslap          |       |    10 |     5 |     1 ||    16
         Broad axe         |       |       |    32 |     9 ||    41
 Invoke: Disaster Area     |       |       |     3 |     3 ||     6
         Upheaval          |       |       |     1 |       ||     1
    Use: Potion            |       |     1 |     1 |       ||     2
 Armour: Scale mail        |       |    10 |       |       ||    10
         Chain mail        |       |    32 |    24 |    10 ||    66
  Dodge: Dodged            |       |    18 |    28 |     5 ||    51
  Block: Buckler           |       |    41 |    30 |    16 ||    87

Table legend: (Time is in decaauts)
 A = Elapsed time spent in this place.
 B = Non-inter-level travel time spent in this place.
 C = Inter-level travel time spent in this place.
 D = Time resting spent in this place.
 E = Time spent auto-exploring this place.
 F = Levels seen in this place.
 G = Mean time per level.
                   A        B        C        D        E       F      G
               +--------+--------+--------+--------+--------+-----+--------+
         Total |   1459 |   1397 |     62 |    963 |      0 |   1 | 1459.0 |
       Dungeon |   1459 |   1397 |     62 |    963 |      0 |   1 | 1459.0 |
               +--------+--------+--------+--------+--------+-----+--------+

Top non-repeatable levels by time:
       D: 1459 daAuts
